AoeStats
← незнающий побед

Highland

504555581Analyzed
2v2 RM · 25d ago on Sep 5, 2026· 58m 49s· 4 players
Game mode
Random Map
Map size
Medium (4 player)
Population
200
Speed
Normal
Resources
Standard
Victory
Conquest
Starting age
Dark Age
Ending age
Imperial Age
RankedLock teamsTeams togetherTeam positionsShared explorationLock speedFull tech treeHidden civsTurbo modeCheats
Victory
Defeat
🇦🇷 Cumans · Argentina
685
+15
🇨🇱 Hindustanis · Chile
674
+17
🇰🇿 Khmer · Kazakhstan
672
-16
672
-16
Truman
12:39 Feudal Age
14:00 Wheelbarrow
13:15 Horse Collar
13:32 Gold Mining
13:26 Fishing Lines
13:34 Double-Bit Axe
13:26 Man-at-Arms
17:08 Arson
21:34 Bloodlines
24:55 Castle Age
26:01 Hand Cart
26:11 Bow Saw
26:03 Heavy Plow
25:33 Long Swordsman
30:03 Husbandry
29:24 Light Cavalry
35:09 Forging
35:00 Scale Mail Armor
35:06 Scale Barding Armor
34:32 Pikeman
35:55 Gold Shaft Mining
35:16 Stone Mining
36:06 Caravan
38:12 Stone Shaft Mining
40:22 Iron Casting
40:02 Chain Mail Armor
40:08 Chain Barding Armor
47:46 Imperial Age
48:00 Elite Ballista Elephant
48:17 Onager
48:27 Onager
49:24 Loom
49:26 Town Watch
51:28 Blast Furnace
51:03 Plate Barding Armor
50:15 Halberdier
56:14 Hussar
незнающий побед
9:33 Feudal Age
11:03 Double-Bit Axe
12:04 Horse Collar
12:18 Loom
13:51 Wheelbarrow
16:44 Gold Mining
19:31 Stone Mining
20:20 Fletching
24:07 Castle Age
28:49 Bow Saw
28:51 Heavy Plow
28:23 Pikeman
29:03 Squires
31:44 Eupseong
32:31 Hand Cart
36:19 Husbandry
40:04 Scale Barding Armor
39:55 Bodkin Arrow
47:09 Chain Barding Armor
50:35 Imperial Age
49:14 Medium Warships
52:04 Cavalier
55:14 Halberdier
Alfredo Godofredo
10:26 Feudal Age
10:23 Loom
11:22 Horse Collar
16:26 Double-Bit Axe
21:11 Fishing Lines
26:08 Castle Age
27:05 Medium Warships
29:12 Fervor
29:25 Fortified Wall
30:18 Caravan
37:11 Husbandry
37:22 Bloodlines
38:56 Grand Trunk Road
39:19 Gold Mining
39:19 Stone Mining
40:34 Heavy Plow
40:45 Bow Saw
43:11 Imperial Age
41:26 Gillnets
42:45 Forging
42:35 Scale Mail Armor
42:41 Scale Barding Armor
44:06 Heavy Camel Rider
45:09 Conscription
45:35 Shatagni
47:16 Heavy Warships
47:57 Chemistry
47:46 Gold Shaft Mining
49:13 Wheelbarrow
48:24 Town Watch
50:04 Two-Man Saw
51:18 Imperial Camel Rider
55:53 Elite Ghulam
57:21 Iron Casting
57:02 Chain Mail Armor
57:08 Chain Barding Armor
Santos_la22
0:33 Loom
13:50 Feudal Age
15:10 Wheelbarrow
14:23 Double-Bit Axe
17:22 Horse Collar
23:51 Castle Age
22:40 Stone Mining
22:40 Gold Mining
25:06 Hand Cart
25:05 Bow Saw
24:56 Heavy Plow
31:00 Forging
30:50 Scale Mail Armor
30:25 Man-at-Arms
31:06 Squires
31:08 Long Swordsman
32:54 Iron Casting
33:23 Chain Mail Armor
37:08 Gold Shaft Mining
39:06 Imperial Age
36:54 Scale Barding Armor
37:02 Bloodlines
36:53 Steppe Husbandry
39:15 Ballistics
40:57 Blast Furnace
40:18 Chain Barding Armor
41:17 Two-Man Saw
40:49 Crop Rotation
41:26 Chemistry
39:54 Two-Handed Swordsman
42:20 Elite Steppe Lancer
43:39 Plate Barding Armor
44:08 Pikeman
45:41 Plate Mail Armor
48:23 Conscription
48:29 Caravan
48:46 Onager
51:03 Siege Onager
58:11 Halberdier
Connection lost

Rejoining the realm…

Still unreachable

The connection could not be restored.

Session expired

The server has moved on; the page needs a fresh start.